[ AOE2 MATCH · #505517832 ]
UnrankedSaracens vs Poles
Player's team · WIN
Rival team · LOSS
[ REPLAY ANALYSIS · EXTRACTED FROM THE RECORDED GAME ]
Feudal
13:37
Castle
17:08
Imperial
—
| APM avg | 37.6 |
| APM peak | 60 |
| eAPM avg | 21.8 |
| Villagers / military | 102 / 15 |
Focus
⚔️ 21.2% · 🌾 78.8%
Mameluke ×7 · Mangonel ×5 · Monk ×3
Feudal
13:19
Castle
18:31
Imperial
—
| APM avg | 35.1 |
| APM peak | 67 |
| eAPM avg | 17.9 |
| Villagers / military | 67 / 24 |
Focus
⚔️ 17.5% · 🌾 82.5%
Obuch ×15 · Battering Ram ×7 · Mangonel ×1 · Scout Cavalry ×1
Match map
Initial resources + every placement click. Lines = walls · curves = elevation contours. ◆ gold · ⬟ stone · ● berries · ✦ relic · ◌ wall gap
Your base· Open — unwalled flank
dadleisure's base· Open — 13t gap
Smoothed initial terrain · ◌ = detected wall gap · hover for details
Inputs per minute
— sebas0995932 - - dadleisure
Build order — sebas0995932
First 150 of 207 actions detected
| 0:09 | Build | Town Center |
| 1:16 | Build | House |
| 1:18 | Build | House |
| 2:13 | Create | Villager (Male) |
| 2:14 | Create | Villager (Male) |
| 2:14 | Create | Villager (Male) |
| 2:14 | Create | Villager (Male) |
| 2:31 | Build | House |
| 2:48 | Build | House |
| 3:06 | Build | House |
| 3:40 | Create | Villager (Male) |
| 4:16 | Create | Villager (Male) |
| 4:19 | Build | House |
| 4:26 | Create | Villager (Male) |
| 4:26 | Create | Villager (Male) |
| 4:42 | Build | House |
| 4:55 | Create | Villager (Male) |
| 4:56 | Create | Villager (Male) |
| 5:28 | Research | Loom |
| 5:46 | Create | Villager (Male) |
| 6:19 | Create | Villager (Male) |
| 6:40 | Build | Mill |
| 6:48 | Create | Villager (Male) |
| 7:09 | Create | Villager (Male) |
| 7:09 | Create | Villager (Male) |
| 7:26 | Create | Villager (Male) |
| 7:45 | Build | House |
| 8:31 | Build | Mining Camp |
| 8:31 | Create | Villager (Male) |
| 8:32 | Create | Villager (Male) |
| 8:41 | Build | House |
| 8:43 | Build | House |
| 8:53 | Create | Villager (Male) |
| 9:10 | Create | Villager (Male) |
| 9:49 | Create | Villager (Male) |
| 10:16 | Build | Mining Camp |
| 10:31 | Create | Villager (Male) |
| 10:33 | Create | Villager (Male) |
| 10:47 | Build | House |
| 10:56 | Research | Feudal Age |
| 10:56 | Research | Feudal Age |
| 11:13 | Build | House |
| 12:45 | Build | House |
| 13:19 | Create | Villager (Male) |
| 13:37 | Age | Feudal Age |
| 13:39 | Build | Blacksmith |
| 13:41 | Build | Market |
| 13:56 | Create | Villager (Male) |
| 14:28 | Research | Castle Age |
| 14:28 | Research | Castle Age |
| 14:32 | Build | Lumber Camp |
| 14:35 | Create | Villager (Male) |
| 14:54 | Build | House |
| 15:29 | Research | Double-Bit Axe |
| 15:29 | Research | Double-Bit Axe |
| 15:32 | Research | Horse Collar |
| 15:32 | Research | Horse Collar |
| 17:08 | Age | Castle Age |
| 17:12 | Build | Palisade Wall |
| 17:13 | Build | Palisade Wall |
| 17:16 | Build | Palisade Wall |
| 17:27 | Build | Town Center |
| 17:29 | Build | Palisade Wall |
| 17:31 | Build | Palisade Wall |
| 17:36 | Create | Villager (Male) |
| 17:56 | Build | Castle |
| 18:13 | Create | Villager (Male) |
| 18:16 | Build | Monastery |
| 18:28 | Research | Bow Saw |
| 18:28 | Create | Villager (Male) |
| 18:39 | Create | Villager (Male) |
| 18:45 | Create | Monk |
| 18:51 | Create | Villager (Male) |
| 18:52 | Create | Villager (Male) |
| 19:03 | Create | Villager (Male) |
| 19:17 | Build | Town Center |
| 19:19 | Create | Villager (Male) |
| 19:29 | Build | Farm |
| 19:30 | Build | Farm |
| 19:42 | Create | Monk |
| 19:48 | Create | Villager (Male) |
| 19:54 | Create | Mameluke |
| 19:55 | Create | Villager (Male) |
| 19:59 | Build | Farm |
| 20:00 | Build | Farm |
| 20:00 | Build | Farm |
| 20:24 | Create | Villager (Male) |
| 20:28 | Build | Farm |
| 20:29 | Build | Farm |
| 20:29 | Build | Farm |
| 20:29 | Build | Farm |
| 20:53 | Create | Villager (Male) |
| 20:53 | Create | Villager (Male) |
| 21:03 | Create | Villager (Male) |
| 21:03 | Create | Villager (Male) |
| 21:15 | Build | Farm |
| 21:17 | Build | Farm |
| 21:18 | Create | Villager (Male) |
| 21:18 | Create | Villager (Male) |
| 21:18 | Create | Villager (Male) |
| 21:28 | Create | Villager (Male) |
| 21:28 | Create | Villager (Male) |
| 21:34 | Build | Siege Workshop |
| 21:43 | Create | Mameluke |
| 21:44 | Create | Villager (Male) |
| 21:45 | Create | Villager (Male) |
| 21:54 | Create | Villager (Male) |
| 21:54 | Create | Villager (Male) |
| 22:11 | Create | Villager (Male) |
| 22:11 | Create | Villager (Male) |
| 22:17 | Create | Villager (Male) |
| 22:17 | Create | Villager (Male) |
| 22:21 | Build | Farm |
| 22:21 | Build | Farm |
| 22:22 | Build | Farm |
| 22:23 | Create | Mangonel |
| 22:24 | Create | Mangonel |
| 22:36 | Create | Villager (Male) |
| 22:36 | Create | Villager (Male) |
| 22:39 | Create | Villager (Male) |
| 22:39 | Create | Villager (Male) |
| 22:45 | Create | Villager (Male) |
| 22:45 | Create | Villager (Male) |
| 23:04 | Create | Villager (Male) |
| 23:11 | Create | Mangonel |
| 23:11 | Create | Mangonel |
| 23:11 | Create | Mangonel |
| 23:13 | Create | Mameluke |
| 23:13 | Create | Mameluke |
| 23:35 | Create | Villager (Male) |
| 23:36 | Create | Villager (Male) |
| 23:50 | Create | Villager (Male) |
| 23:51 | Create | Villager (Male) |
| 24:04 | Create | Villager (Male) |
| 24:04 | Create | Villager (Male) |
| 24:08 | Create | Monk |
| 24:09 | Create | Villager (Male) |
| 24:09 | Create | Villager (Male) |
| 24:24 | Create | Villager (Male) |
| 24:25 | Create | Villager (Male) |
| 24:33 | Create | Mameluke |
| 24:33 | Create | Mameluke |
| 24:40 | Create | Villager (Male) |
| 24:40 | Create | Villager (Male) |
| 24:43 | Build | House |
| 24:44 | Build | House |
| 24:49 | Build | House |
| 24:49 | Build | House |
| 24:49 | Build | House |
| 24:49 | Build | House |
Build order — dadleisure
150 actions detected in the replay
| 0:29 | Build | Town Center |
| 2:22 | Create | Villager (Male) |
| 2:23 | Create | Villager (Male) |
| 2:23 | Create | Villager (Male) |
| 2:32 | Build | House |
| 2:36 | Build | House |
| 2:38 | Create | Villager (Male) |
| 4:00 | Create | Villager (Male) |
| 4:26 | Create | Villager (Male) |
| 5:06 | Research | Loom |
| 5:21 | Create | Villager (Male) |
| 5:23 | Create | Villager (Male) |
| 6:14 | Create | Villager (Male) |
| 6:39 | Create | Villager (Male) |
| 6:52 | Create | Villager (Male) |
| 7:19 | Build | House |
| 7:20 | Build | House |
| 7:26 | Create | Villager (Male) |
| 7:39 | Create | Villager (Male) |
| 8:02 | Create | Villager (Male) |
| 8:09 | Build | Mill |
| 8:17 | Build | Palisade Gate |
| 8:20 | Build | Palisade Wall |
| 8:39 | Create | Villager (Male) |
| 8:55 | Create | Villager (Male) |
| 9:02 | Create | Villager (Male) |
| 9:22 | Create | Villager (Male) |
| 9:32 | Build | Barracks |
| 10:15 | Create | Villager (Male) |
| 10:19 | Build | Lumber Camp |
| 10:35 | Build | House |
| 10:42 | Create | Villager (Male) |
| 10:56 | Build | House |
| 11:09 | Research | Feudal Age |
| 11:53 | Build | House |
| 12:14 | Create | Villager (Male) |
| 12:14 | Create | Villager (Male) |
| 12:33 | Build | House |
| 12:42 | Build | Palisade Wall |
| 13:19 | Age | Feudal Age |
| 13:23 | Build | Stable |
| 13:27 | Build | Market |
| 13:31 | Create | Villager (Male) |
| 13:52 | Create | Villager (Male) |
| 14:19 | Create | Villager (Male) |
| 14:25 | Create | Scout Cavalry |
| 14:48 | Create | Villager (Male) |
| 15:16 | Build | Mining Camp |
| 15:18 | Create | Villager (Male) |
| 15:27 | Create | Villager (Male) |
| 15:51 | Research | Castle Age |
| 16:06 | Build | Mill |
| 16:22 | Build | Farm |
| 16:23 | Build | Farm |
| 16:24 | Build | Farm |
| 16:25 | Build | Farm |
| 16:53 | Build | Farm |
| 17:08 | Build | Farm |
| 18:13 | Research | Horse Collar |
| 18:30 | Create | Villager (Male) |
| 18:30 | Create | Villager (Male) |
| 18:30 | Create | Villager (Male) |
| 18:31 | Age | Castle Age |
| 18:38 | Build | Town Center |
| 18:58 | Create | Villager (Male) |
| 19:12 | Research | Double-Bit Axe |
| 19:16 | Create | Villager (Male) |
| 19:34 | Create | Villager (Male) |
| 19:57 | Create | Villager (Male) |
| 20:03 | Create | Villager (Male) |
| 20:26 | Create | Villager (Male) |
| 20:30 | Create | Villager (Male) |
| 20:41 | Build | Blacksmith |
| 20:48 | Create | Villager (Male) |
| 20:59 | Build | Farm |
| 21:00 | Build | Farm |
| 21:01 | Build | Farm |
| 21:02 | Build | Farm |
| 21:03 | Build | Farm |
| 21:12 | Create | Villager (Male) |
| 21:16 | Create | Villager (Male) |
| 21:36 | Build | Siege Workshop |
| 21:46 | Create | Villager (Male) |
| 21:58 | Research | Scale Mail Armor |
| 22:01 | Create | Villager (Male) |
| 22:08 | Build | Mill |
| 22:10 | Create | Villager (Male) |
| 22:19 | Build | House |
| 22:22 | Create | Villager (Male) |
| 22:53 | Create | Villager (Male) |
| 23:00 | Create | Villager (Male) |
| 23:02 | Create | Villager (Male) |
| 23:18 | Build | Castle |
| 23:37 | Create | Villager (Male) |
| 23:37 | Create | Villager (Male) |
| 24:00 | Create | Villager (Male) |
| 24:04 | Create | Villager (Male) |
| 24:06 | Create | Villager (Male) |
| 24:07 | Create | Villager (Male) |
| 24:17 | Create | Battering Ram |
| 24:18 | Create | Battering Ram |
| 24:36 | Build | Mining Camp |
| 24:43 | Build | Farm |
| 24:44 | Build | Farm |
| 24:45 | Build | Farm |
| 24:46 | Build | Farm |
| 24:51 | Create | Villager (Male) |
| 24:53 | Create | Obuch |
| 24:53 | Create | Obuch |
| 24:57 | Create | Battering Ram |
| 25:15 | Create | Villager (Male) |
| 25:27 | Build | Mill |
| 25:41 | Create | Villager (Male) |
| 25:48 | Create | Villager (Male) |
| 25:50 | Create | Battering Ram |
| 25:50 | Create | Battering Ram |
| 25:53 | Create | Obuch |
| 26:02 | Create | Obuch |
| 26:02 | Create | Obuch |
| 26:04 | Create | Villager (Male) |
| 26:15 | Build | Farm |
| 26:17 | Build | Farm |
| 26:19 | Build | Farm |
| 26:23 | Build | Farm |
| 26:28 | Create | Villager (Male) |
| 26:30 | Create | Villager (Male) |
| 26:34 | Create | Battering Ram |
| 26:34 | Create | Battering Ram |
| 26:38 | Create | Obuch |
| 26:38 | Create | Obuch |
| 26:47 | Build | Mill |
| 26:53 | Build | Farm |
| 26:54 | Build | Farm |
| 26:55 | Build | Farm |
| 26:56 | Build | Farm |
| 26:58 | Create | Obuch |
| 26:58 | Create | Obuch |
| 27:02 | Create | Villager (Male) |
| 27:04 | Create | Villager (Male) |
| 27:19 | Create | Villager (Male) |
| 27:21 | Create | Villager (Male) |
| 27:25 | Create | Obuch |
| 27:26 | Create | Obuch |
| 27:30 | Create | Obuch |
| 27:42 | Create | Villager (Male) |
| 27:57 | Create | Mangonel |
| 28:04 | Create | Villager (Male) |
| 28:09 | Create | Obuch |
| 28:09 | Create | Obuch |
| 28:11 | Create | Obuch |
Match timeline
| 8:20 | dadleisure · wall_segment Palisade Wall x1 |
| 9:32 | dadleisure · first_building Barracks |
| 12:42 | dadleisure · wall_segment Palisade Wall x16 |
| 13:19 | dadleisure · age_up feudal |
| 13:23 | dadleisure · first_building Stable |
| 13:37 | sebas0995932 · age_up feudal |
| 15:05 | dadleisure · first_market_sell 100 stone |
| 17:08 | sebas0995932 · age_up castle |
| 17:12 | sebas0995932 · wall_segment Palisade Wall x1 |
| 17:13 | sebas0995932 · wall_segment Palisade Wall x1 |
| 17:16 | sebas0995932 · wall_segment Palisade Wall x1 |
| 17:29 | sebas0995932 · wall_segment Palisade Wall x1 |
| 17:31 | sebas0995932 · wall_segment Palisade Wall x1 |
| 17:56 | sebas0995932 · first_building Castle |
| 18:16 | sebas0995932 · first_building Monastery |
| 18:31 | dadleisure · age_up castle |
| 19:05 | sebas0995932 · first_market_buy 100 wood |
| 21:34 | sebas0995932 · first_building Siege Workshop |
| 21:36 | dadleisure · first_building Siege Workshop |
| 23:07 | dadleisure · first_market_buy 100 stone |
| 23:18 | dadleisure · first_building Castle |
| 28:35 | dadleisure · resign |
[ AI ANALYSIS · 1 CREDIT ]
What really happened in this match?
Wolo.gg analyzes every decision: build order, eco, micro, common mistakes by bracket. Personalized analysis on WhatsApp or Discord in 30 seconds.
Civ guide
Saracens
Perfil
Jugador #15924722